 Dungeon Crawl Stone Soup version 0.28-a0-695-gff097466f2 (webtiles) character file.

Game seed: 15287062859329482052

1519 kae the Changer (level 8, -1/59 HPs)
             Began as a Yellow Draconian Transmuter on Oct 22, 2021.
             Was an Initiate of Ru.
             Slain by a centaur (6 damage)
             ... on level 6 of the Dungeon.
             The game lasted 00:07:32 (7558 turns).

kae the Changer (Yellow Draconian Transmuter)       Turns: 7558, Time: 00:07:33

Health: -1/59      AC:  2    Str: 13    XL:     8   Next: 54%
Magic:  5/11       EV: 19    Int: 16    God:    Ru [......]
Gold:   685        SH:  0    Dex: 16    Spells: 3/11 levels left

rFire   . . .      SeeInvis .     - Unarmed
rCold   . . .      Faith    .   (shield currently unavailable)
rNeg    . . .      Spirit   .   (armour unavailable)
rPois   x          Reflect  .   (helmet currently unavailable)
rElec   .          Harm     .   (cloak currently unavailable)
rCorr   .          Rampage  .   (gloves currently unavailable)
Will    ++...                   (boots currently unavailable)
Stlth   +.........              (no amulet)
HPRegen 0.19/turn               e - ring of willpower
MPRegen 0.12/turn               j - ring of willpower

@: spider-form, very slightly contaminated
A: venomous fangs, (spit acid), AC +6, tiny, unfitting armour, (cold-blooded),
(acid resistance)
a: End Transformation, Renounce Religion


You were on level 6 of the Dungeon.
You worshipped Ru.
Ru was noncommittal.
You were a venomous arachnid creature.
You visited 2 branches of the dungeon, and saw 7 of its levels.
You also visited: Sewer.

You collected 685 gold pieces.

Inventory:

Hand Weapons
 a - a +1 whip (melded)
Jewellery
 e - a ring of willpower (left front leg)
 i - a ring of protection from fire
 j - a ring of willpower (right front leg)
Scrolls
 f - 2 scrolls of teleportation
 g - a scroll of blinking
 k - a scroll of fog
Potions
 b - 5 potions of curing
 c - 3 potions of heal wounds
 d - 4 potions of haste
 h - a potion of attraction {unknown}
 l - a potion of brilliance
 m - a potion of resistance


   Skills:
 - Level 1.1 Fighting
 - Level 1.7 Dodging
 + Level 6.3 Unarmed Combat
 - Level 2.0 Spellcasting
 * Level 7.4 Transmutations
 - Level 5.0 Ice Magic
 - Level 2.0 Poison Magic


You had 3 spell levels left.
You knew the following spells:

 Your Spells              Type           Power      Damage    Failure   Level
a - Beastly Appendage     Tmut           50%        N/A       5%          1
b - Spider Form           Tmut/Pois      8%         N/A       22%         3
c - Ice Form              Ice/Tmut       21%        N/A       34%         4

Your spell library contained the following spells:

 Spells                   Type           Power      Damage    Failure   Level
 Wereblood                Tmut           25%        N/A       7%          2
 Sting                    Tmut/Pois      64%        1d6       11%         1
 Ensorcelled Hibernation  Hex/Ice        18%        N/A       26%         2
 Poisonous Vapours        Pois/Air       8%         N/A       41%         2
 Olgreb's Toxic Radiance  Pois           8%         N/A       83%         4


Dungeon Overview and Level Annotations

Branches:
Dungeon (6/15)             Temple (1/1) D:5           Sewer (visited)

Altars:
Ashenzari
Cheibriados
Dithmenos
Elyvilon
Gozag
Hepliaklqana
Kikubaaqudgha
Makhleb
Nemelex Xobeh
Okawaru
Qazlal
Ru
Sif Muna
Trog
Vehumet
Wu Jian
Xom
Yredelemnul
Zin
The Shining One

Annotations:
D:5 2 transporters, Irenicus's ghost, novice DDEE


Innate Abilities, Weirdness & Mutations

You are a venomous arachnid creature.
You have poisonous fangs.
You are tiny and dextrous.
Your spellcasting is less reliable in this form.
Your armour is entirely melded.
You are incapable of wielding weapons or throwing items.
((You can spit globs of acid.))
((Your golden yellow scales are hard. (AC +6)))
You cannot fit into any form of body armour.
((You are cold-blooded and may be slowed by cold attacks.))
((You are resistant to acid. (rCorr)))


Message History

The centaur misses you.
The centaur kicks you but does no damage.
You hit the centaur.
Your tail-slap misses the centaur.
The centaur is lightly wounded.
The centaur barely misses you. The centaur kicks you.
* * * LOW HITPOINT WARNING * * *
The centaur hits you but does no damage.
The centaur barely misses you.
Casting: Spider Form (dangerous; 9% risk of failure)
Confirm with . or Enter, or press ? or * to list all spells.
You miscast Spider Form.
You are very lightly contaminated with residual magic.
Nothing appears to happen.
The centaur hits you.
* * * LOW HITPOINT WARNING * * *
The centaur kicks you but does no damage.
You closely miss the centaur.
The centaur is lightly wounded.
The centaur barely misses you.
The centaur kicks you but does no damage.
The centaur hits you but does no damage.
The centaur misses you.
Casting: Spider Form (dangerous; 9% risk of failure)
Confirm with . or Enter, or press ? or * to list all spells.
You turn into a venomous arachnid creature.
Your +1 whip melds into your body.
The centaur closely misses you. The centaur barely misses you.
The centaur barely misses you. x2; The centaur completely misses you.
The centaur kicks you but does no damage.
You hit the centaur.
The centaur is poisoned.
The centaur is moderately wounded.
The centaur hits you.
* * * LOW HITPOINT WARNING * * *
The centaur kicks you but does no damage.
You hit the centaur.
The centaur is heavily wounded.
The centaur barely misses you. The centaur completely misses you.
You hit the centaur but do no damage.
The centaur is heavily wounded.
The centaur hits you.
You die...

####### #####+#.....#
...........#
####.........# #
..#.........# #..
#.#.......<.#
#....#.#.........#######.
#..†.sc...............
###.##.!.####.########
#.#.....# #.......<#
#.#.....# ##########
#.#.>..... #......####
###.#... #######


You could see a centaur (very poisoned).

Vanquished Creatures
  Sigmund (D:2)
  Purgy (Sewer)
  A sky beast (D:6)
  A black bear (D:5)
  2 ogres (D:4)
  2 phantoms
  A bullfrog (D:6)
  A scorpion (D:4)
  A wyvern skeleton (D:5)
  3 hounds
  2 jellies
  2 orc priests (D:4)
  A bullfrog skeleton (D:4)
  Jessica (D:2)
  2 iguanas
  Terence (D:2)
  A hound zombie (D:5)
  7 adders
  7 gnolls
  A howler monkey skeleton (D:4)
  A shadow imp (D:5)
  2 worms
  5 dart slugs
  10 orcs
  11 ball pythons
  5 bats
  2 endoplasms
  4 giant cockroaches
  6 goblins
  8 hobgoblins
  4 jackals (D:4)
  2 quokkas
  6 frilled lizards
  7 kobolds
  7 rats
  A spectral hobgoblin (D:5)
120 creatures vanquished.

Notes
Turn   | Place    | Note
-------+----------+-------------------------------------------
     0 | D:1      | kae the Draconian Transmuter began the quest for the Orb.
     0 | D:1      | Reached XP level 1. HP: 16/16 MP: 3/3
   778 | D:1      | Reached XP level 2. HP: 22/23 MP: 3/5
   904 | D:1      | Found a faded altar of an unknown god.
  1840 | D:2      | Noticed Jessica
  1849 | D:2      | Killed Jessica
  1850 | D:2      | Reached skill level 3 in Transmutations
  1850 | D:2      | Reached XP level 3. HP: 28/28 MP: 4/6
  1863 | D:2      | Learned a level 3 spell: Spider Form
  2169 | D:2      | Reached XP level 4. HP: 15/35 MP: 7/7
  2359 | D:2      | Noticed Sigmund
  2943 | D:2      | Killed Sigmund
  2944 | D:2      | Reached skill level 4 in Transmutations
  2944 | D:2      | Reached XP level 5. HP: 40/40 MP: 5/8
  2994 | D:3      | Noticed Terence
  3177 | D:2      | Killed Terence
  3178 | D:2      | Reached XP level 6. HP: 30/47 MP: 6/9
  3293 | D:2      | Learned a level 4 spell: Ice Form
  4290 | D:4      | Reached skill level 5 in Transmutations
  4290 | D:4      | Reached skill level 1 in Ice Magic
  4299 | D:4      | Reached skill level 5 in Unarmed Combat
  4427 | D:4      | Your scales start taking on a golden yellow colour.
  4427 | D:4      | Reached XP level 7. HP: 37/52 MP: 4/10
  4427 | D:4      | Gained mutation: You are resistant to acid. (rCorr) [Yellow
                  | Draconian growth]
  5283 | D:4      | Reached skill level 6 in Transmutations
  5635 | D:5      | Entered Level 5 of the Dungeon
  5746 | D:5      | Found a glowing drain.
  5789 | Sewer    | Entered a sewer
  5848 | Sewer    | Noticed Purgy
  5860 | Sewer    | Reached XP level 8. HP: 59/59 MP: 3/11
  5866 | Sewer    | Killed Purgy
  6106 | D:5      | Found a broken altar of Ashenzari.
  6328 | D:5      | Found a bloodstained altar of Trog.
  6342 | D:5      | Found a white marble altar of Elyvilon.
  6349 | D:5      | Reached skill level 7 in Transmutations
  6619 | D:5      | Found a staircase to the Ecumenical Temple.
  6704 | D:5      | Found a transporter.
  6706 | D:5      | Found a transporter.
  6709 | D:5      | Noticed Irenicus's ghost (novice DDEE)
  6909 | D:5      | Found a hazy altar of Hepliaklqana.
  7232 | Temple   | Entered the Ecumenical Temple
  7441 | Temple   | Became a worshipper of Ru the Awakened
  7537 | D:6      | Reached skill level 5 in Ice Magic
  7558 | D:6      | Slain by a centaur

Illustrated notes

Levels and vault maps discovered:
D:1:      elethiomel_arrival_infinity_welcomes_careful_drivers,
          layout_loops_ring, serial_co_window_serial,
          co_window_of_opportunity_a, co_window_paths_b, co_window_paths_a,
          co_window_paths_a, co_window_paths_a, co_window_cross_3,
          co_window_corner_b, co_window_broadway_a, co_window_corner_b,
          co_window_broadway_b, co_window_corner_b, glass_columns_a,
          glass_columns_c, glass_columns_b, ebering_ecumenical_altar_hall,
          minivault_19, minmay_misc_feat_encased, minmay_tetromino_o2
D:2:      layout_basic, uniq_sigmund, uniq_jessica
D:3:      layout_loops_ring, uniq_terence
D:4:      minmay_polygon_palace, layout_loops_cross, minmay_quantized
D:5:      layout_loops_ring, mainiacjoe_overflow_big_doors,
          nicolae_hepliaklqana_monster_ancestors, lemuel_tele_altar,
          minmay_temple_entry_fiery, gammafunk_ghost_smash,
          cheibrodos_sewer_entry_sluice, uniq_crazy_yiuf_cottage
D:6:      layout_basic, uniq_grinder
Temple:   eino_temple_rhombus

Skill      XL: |  1  2  3  4  5  6  7  8 |
---------------+-------------------------+-----
Transmutations | 3 4 5 6 7 |  7.4
Unarmed Combat | 4 5 6 |  6.3
Poison Magic   | 2 |  2.0
Ice Magic      | 2 4 5 |  5.0
Fighting       | |  1.1
Dodging        | |  1.7
Spellcasting   | |  2.0

Action                   |  1- 3 |  4- 6 |  7- 9 || total
-------------------------+-------+-------+-------++-------
Melee: Whip              |   100 |    41 |    41 ||   182
       Kick              |    10 |     3 |     1 ||    14
       Tailslap          |    11 |     5 |     4 ||    20
       Headbutt          |     7 |     2 |     1 ||    10
       Unarmed           |       |    70 |   148 ||   218
       Punch             |       |       |     2 ||     2
 Cast: Beastly Appendage |    19 |     9 |     1 ||    29
       Spider Form       |       |    12 |    23 ||    35
       Ice Form          |       |       |     3 ||     3
 Abil: Breathe Acid      |       |       |     1 ||     1
       End Transformatio |       |       |     1 ||     1
  Use: Scroll            |     1 |     3 |     9 ||    13
 Stab: Sleeping          |     2 |       |       ||     2
Armor: Skin              |    26 |    26 |    48 ||   100
Dodge: Dodged            |    76 |   108 |   182 ||   366

Table legend: (Time is in decaauts)
 A = Elapsed time spent in this place.
 B = Non-inter-level travel time spent in this place.
 C = Inter-level travel time spent in this place.
 D = Time resting spent in this place.
 E = Time spent auto-exploring this place.
 F = Levels seen in this place.
 G = Mean time per level.
                   A        B        C        D        E       F      G
               +--------+--------+--------+--------+--------+-----+--------+
         Total |   7584 |   7279 |    305 |    365 |   5814 |   8 |  948.0 |
       Dungeon |   7041 |   6755 |    286 |    365 |   5424 |   6 | 1173.5 |
        Temple |    225 |    206 |     19 |      0 |    150 |   1 |  225.0 |
         Sewer |    317 |    317 |      0 |      0 |    240 |   1 |  317.0 |
               +--------+--------+--------+--------+--------+-----+--------+

Top non-repeatable levels by time:
     D:1: 1832 daAuts
     D:4: 1510 daAuts
     D:2: 1465 daAuts
     D:5: 1337 daAuts
     D:3: 837 daAuts
   Sewer: 317 daAuts
  Temple: 225 daAuts
     D:6: 58 daAuts
